 Dungeon Crawl Stone Soup version 0.16.2-12-gd0ad4c3 (webtiles) character file.

255 Bezhaha1 the Skirmisher (level 5, 0/43 HPs)
             Began as a Demonspawn Wanderer on Oct 23, 2015.
             Slain by a giant frog (4 damage)
             ... in a sewer.
             The game lasted 00:09:14 (2467 turns).

Bezhaha1 the Skirmisher (Demonspawn Wanderer)       Turns: 2467, Time: 00:09:14

Health: 0/43       AC: 12    Str: 16    XL:     5   Next: 91%
Magic:  5/5        EV:  6    Int: 11    God:
Gold:   142        SH:  8    Dex: 20    Spells: 0 memorised, 4 levels left

rFire  . . .     SeeInvis .     m - +1 whip (elec)
rCold  . . .     Clarity  .     r - +0 plate armour
rNeg   . . .     SustAb   .     a - +0 shield
rPois  .         Gourm    .     (helmet restricted)
rElec  .         Spirit   .     (no cloak)
rCorr  +         Warding  .     (no gloves)
rMut   .         Stasis   .     (no boots)
MR     .....                    s - amulet of resist corrosion
Stlth  ..........               (no ring)
                                x - +3 ring of dexterity

@: agile, lethally poisoned (0 -> -1), constricted, not resistant to hostile
enchantments, extremely unstealthy
A: horns 1, thin metallic scales 1
a: no special abilities


You were in a sewer.
You were hungry.

You visited 1 branch of the dungeon, and saw 3 of its levels.
You also visited: Sewer.

You collected 142 gold pieces.

Inventory:

Hand weapons
 b - a +0 hand crossbow
 e - a +0 dagger
 m - a +1 whip of electrocution (weapon)
Missiles
 f - 39 bolts
Armour
 a - a +0 shield (worn)
 d - a +0 robe
 r - a +0 plate armour (worn)
Jewellery
 s - an amulet of resist corrosion (around neck)
 x - a +3 ring of dexterity (left hand)
Scrolls
 t - a scroll of fog
 u - 2 scrolls of magic mapping
 y - a scroll of random uselessness
Potions
 h - a potion of curing {unknown}
 i - a potion of might {unknown}
 k - a potion of haste {unknown}
 n - a potion of resistance {unknown}
 o - 2 potions of magic
 p - 2 potions of heal wounds {unknown}
Comestibles
 c - a chunk of flesh
 g - 3 bread rations
 j - a slice of pizza
 l - 4 meat rations


   Skills:
 - Level 4.4 Fighting
 + Level 4.1 Maces & Flails
 - Level 2.2 Crossbows
 - Level 1.0 Throwing
 - Level 1.7 Stealth
 - Level 1.0 Shields
 - Level 1.0 Unarmed Combat


You had 4 spell levels left.
You didn't know any spells.

Dungeon Overview and Level Annotations

Branches:
Dungeon (3/15)

Altars:
Cheibriados


Innate Abilities, Weirdness & Mutations

You have a pair of small horns on your head.
You are partially covered in thin metallic scales (AC +2).


Message History

The giant frog hits you.
* * * LOW HITPOINT WARNING * * *
The giant frog hits you but does no damage.
The ball python bites you but does no damage.
The ball python constricts you.
You hit the ball python but do no damage.
The giant frog hits you but does no damage.
You block the giant newt's attack.
The giant frog hits you but does no damage.
You block the ball python's attack.
* * * LOW HITPOINT WARNING * * *
The ball python constricts you.
The giant frog hits you but does no damage. x2
The giant newt bites you but does no damage.
Drink which item? (? for menu, Esc to quit)
It was a potion of magic.
Magic courses through your body.
The ball python bites you but does no damage.
* * * LOW HITPOINT WARNING * * *
The ball python constricts you. The giant frog hits you.
You die...

#≈≈≈≈≈≈#
#≈.≈††≈#
#≈≈≈≈≈≈#
#..[(.≈#
#≈≈≈≈≈≈#
#≈≈...≈#
#≈≈≈≈≈≈#
#≈≈≈.≈≈#
#≈≈≈≈≈≈#
#≈≈≈≈≈≈#
#≈≈≈≈≈≈#
#≈≈≈≈≈≈#
#≈≈§≈§≈#
#≈≈≈≈≈≈#
#≈≈§l§§#
#≈≈≈≈≈≈#
#≈≈SF@§#
#≈≈≈≈≈≈#
#≈≈§FS§#
#≈≈≈≈≈≈#
#≈≈§§§§#
#≈≈≈≈≈≈#
#....≈.#
#≈≈...≈#
#......#
#......#
#......#
##......
#......+
#......
##....##
##.....
####
##....


You could see 2 giant frogs, an adder, a ball python and a giant newt.

Vanquished Creatures
  An orc priest (D:3)
  An orc wizard (D:3)
  2 river rats (Sewer)
  7 adders
  5 giant mites
  3 giant geckos
  2 oozes (Sewer)
  An orc (D:3)
  5 goblins
  4 hobgoblins
  2 jackals (D:1)
  9 ball pythons
  6 bats
  5 giant cockroaches
  6 giant newts
  7 kobolds
  2 quokkas
  32 rats
100 creatures vanquished.

Notes
Turn   | Place    | Note
--------------------------------------------------------------
     0 | D:1      | Bezhaha1, the Demonspawn Wanderer, began the quest for the Orb.
     0 | D:1      | Bezhaha1 set off with: a +0 shield, a +0 hand crossbow, a potion of lignification, a +0 robe, a +0 dagger, 29 bolts, a bread ration
     0 | D:1      | Reached XP level 1. HP: 18/18 MP: 1/1
    96 | D:1      | Gained mutation: You are partially covered in thin metallic scales (AC +2). [demonic ancestry]
    96 | D:1      | Reached XP level 2. HP: 24/24 MP: 2/2
   735 | D:2      | Found a snail-covered altar of Cheibriados.
   859 | D:2      | Reached XP level 3. HP: 30/30 MP: 3/3
   865 | D:2      | Reached skill level 4 in Fighting
  1432 | D:3      | Reached skill level 1 in Maces & Flails
  1432 | D:3      | Reached XP level 4. HP: 3/38 MP: 4/4
  1668 | D:3      | Gained mutation: You have a pair of small horns on your head. [demonic ancestry]
  1668 | D:3      | Reached XP level 5. HP: 14/43 MP: 5/5
  1670 | D:3      | Found a glowing drain.
  1694 | Sewer    | Entered a sewer
  2467 | Sewer    | Slain by a giant frog

Action                   |  1- 3 |  4- 6 || total
-------------------------+-------+-------++-------
Melee: Whip              |    74 |   222 ||   296
 Fire: Hand crossbow     |    34 |       ||    34
  Use: Scroll            |     5 |     3 ||     8
       Potion            |     2 |     2 ||     4
  Eat: Chunk             |     2 |     3 ||     5
